Map: 세룰리안 폴 - 래더

Players

RNK (SHIN)

  • Race: Zerg Zerg
  • League: Grandmaster
  • Spawn Location: 1:00

TYTY (TY) - Winner!

  • Race: Terran Terran
  • League: Master
  • Spawn Location: 7:00

Event: IEM Season 13 - Katowice Server Qualifiers Asia 2

VOD

Have the link to the VOD?

Description

Time

  • Played on: Jan. 22, 2019, 4:28 a.m.
  • Length: 17:58

All games in this series

Show
View Real Time Build Order
Export as new Build Order

RNK Zerg 

Build Orders: Hatch First, Muta Ling Bane 

Get SALT Encoding   

  12  0:00  Drone  
  13  0:12  Overlord  
  13  0:17  Drone  
  14  0:31  Drone  
  14  0:32  Drone  
  16  0:48  Hatchery  
  15  0:52  Drone  
  15  0:55  Drone  
  17  1:00  Drone  
  18  1:09  Extractor  
  17  1:15  Spawning Pool  
  17  1:17  Drone  
  17  1:21  Drone  
  18  1:28  Drone  
  19  1:39  Drone  
  20  1:49  Drone  
  21  2:02  Zergling x2  
  21  2:03  Queen x2, Zergling x2  
  27  2:16  Hatchery  
  27  2:21  Overlord  
  26  2:26  Drone  
  26  2:27  Drone  
  28  2:31  Metabolic Boost  
  28  2:40  Queen  
  30  2:44  Drone  
  30  2:45  Drone  
  30  2:48  Drone  
  33  2:54  Overlord  
  33  2:56  Drone  
  33  2:57  Drone  
  35  3:00  Drone  
  36  3:13  Drone x2  
  36  3:16  Overlord, Drone x3  
  41  3:21  Queen  
  41  3:25  Overlord  
  43  3:27  Drone  
  43  3:30  Drone  
  45  3:35  Queen  
  45  3:40  Queen  
  49  3:46  Zergling x6  
  52  3:48  Drone  
  52  3:51  Zergling x2  
  52  3:52  Drone x2  
  52  3:54  Drone  
  57  3:56  Drone  
  57  3:58  Drone  
  57  4:02  Drone x3  
  62  4:04  Drone  
  62  4:05  Drone  
  63  4:12  Zergling x2  
  63  4:14  Drone x2  
  66  4:19  Overlord  
  66  4:21  Overlord  
  66  4:24  Baneling Nest  
  66  4:26  Drone  
  66  4:28  Spore Crawler  
  65  4:32  Overlord  
  65  4:34  Zergling x2  
  65  4:37  Queen, Spore Crawler x2  
  66  4:39  Spore Crawler, Zergling x2  
  66  4:40  Zergling x2  
  66  4:42  Drone x2  
  69  4:46  Lair  
  69  4:47  Drone  
  69  4:50  Zergling x4  
  72  4:55  Zergling x8  
  75  5:04  Drone  
  75  5:05  Drone x2  
  75  5:06  Drone x4  
  73  5:11  Drone  
  73  5:14  Drone x3  
  74  5:15  Drone  
  74  5:17  Drone  
  74  5:20  Queen x2  
  80  5:22  Drone  
  80  5:24  Drone  
  80  5:28  Zergling x2  
  80  5:30  Baneling x5  
  80  5:32  Extractor  
  80  5:34  Extractor x2  
  77  5:36  Extractor, Zergling x4  
  77  5:37  Extractor  
  77  5:39  Roach Warren, Drone  
  77  5:44  Overseer  
  77  5:46  Drone x2  
  77  5:49  Evolution Chamber  
  78  5:50  Evolution Chamber, Drone  
  78  5:53  Hydralisk Den  
  78  5:54  Drone x3  
  82  6:00  Overlord  
  81  6:06  Drone  
  81  6:08  Overlord, Drone  
  81  6:10  Overlord  
  81  6:16  Spire, Drone x2  
  81  6:18  Overlord  
  81  6:19  Drone x5  
  81  6:20  Drone  
  81  6:24  Zergling x2  
  88  6:33  Hatchery, Zerg Ground Armor Level 1, Zerg Melee Weapons Level 1  
  88  6:34  Zergling x8  
  91  6:44  Centrifical Hooks, Drone  
  91  6:46  Zergling x10  
  97  6:48  Drone x3  
  97  6:54  Overlord x2  
  100  6:58  Zergling x8  
  100  7:00  Baneling x2  
  100  7:01  Baneling  
  104  7:04  Overlord  
  104  7:05  Zergling x2  
  105  7:13  Zergling x6  
  108  7:19  Overlord  
  108  7:29  Mutalisk x7  
  109  7:33  Mutalisk  
  109  7:35  Drone x2  
  124  7:41  Drone x3  
  124  7:43  Hatchery  
  124  7:44  Zerg Flyer Weapons Level 1  
  126  7:46  Extractor  
  126  7:48  Baneling x3, Drone x2  
  126  7:49  Drone x2  
  129  7:51  Overlord  
  129  7:56  Zergling x12  
  129  7:58  Baneling x4  
  134  7:59  Baneling x2  
  134  8:04  Drone  
  135  8:06  Drone x3  
  138  8:15  Overlord  
  138  8:17  Overlord x3  
  138  8:19  Zergling x12  
  144  8:31  Baneling x6  
  144  8:32  Zergling x10  
  144  8:33  Zerg Ground Armor Level 2, Zergling x2, Zerg Melee Weapons Level 2  
  150  8:39  Zergling x4  
  152  8:43  Baneling x4  
  152  8:44  Zergling x8  
  150  8:49  Zergling x4  
  150  8:50  Zergling x2  
  150  8:53  Zergling x2  
  150  8:54  Baneling  
  150  8:55  Baneling x3  
  141  8:57  Zergling x2  
  141  8:58  Zergling x2  
  141  8:59  Overseer  
  138  9:09  Mutalisk x5  
  130  9:16  Mutalisk x2  
  129  9:17  Zergling x2  
  130  9:25  Mutalisk  
  130  9:26  Zergling x4  
  130  9:28  Zergling x2  
  130  9:29  Hatchery  
  133  9:34  Zergling x2  
  133  9:37  Mutalisk x2  
  138  9:38  Zergling x2  
  138  9:39  Baneling  
  138  9:40  Baneling x3  
  138  9:44  Zergling x4  
  141  9:46  Hatchery  
  141  9:49  Zergling x4  
  141  9:50  Infestation Pit  
  141  9:52  Baneling x4  
  141  9:54  Zergling x4  
  141  9:58  Drone  
  141  9:59  Overlord  
  144  10:02  Overlord, Drone x3  
  144  10:03  Drone  
  148  10:13  Baneling x2  
  148  10:14  Baneling x11  
  146  10:15  Zergling x2  
  146  10:16  Zergling x12  
  146  10:17  Zergling x6  
  146  10:20  Zergling x2  
  146  10:21  Zergling x2  
  157  10:29  Zergling x2  
  157  10:30  Drone x2  
  157  10:31  Drone  
  157  10:32  Hive  
  157  10:33  Zergling x4  
  160  10:36  Zergling x2  
  160  10:39  Baneling x9  
  160  10:43  Zergling x8  
  160  10:46  Baneling x3  
  160  10:48  Zergling x2  
  160  10:49  Zergling x4  
  163  10:52  Zergling x8  
  162  11:02  Zergling x4  
  162  11:03  Zergling x2  
  159  11:04  Drone  
  159  11:05  Drone  
  159  11:07  Drone  
  159  11:08  Drone  
  159  11:11  Pneumatized Carapace  
  159  11:12  Zergling x2  
  159  11:15  Overseer x2  
  159  11:17  Overlord  
  159  11:18  Hatchery, Zergling x4  
  161  11:20  Baneling x4  
  161  11:23  Overseer  
  161  11:25  Drone x2  
  163  11:26  Queen  
  163  11:32  Mutalisk x2  
  165  11:35  Zergling x10  
  165  11:39  Zergling x2  
  171  11:48  Adrenal Glands  
  171  11:49  Ultralisk Cavern  
  171  11:51  Zergling x16  
  174  11:56  Mutalisk x2  
  174  12:01  Mutalisk  
  176  12:02  Zergling x2  
  176  12:03  Zergling x10  
  184  12:11  Zerg Melee Weapons Level 3  
  184  12:13  Drone  
  184  12:24  Hatchery  
  183  12:36  Chitinous Plating  
  178  12:47  Ultralisk x2  
  178  12:48  Zergling x20  
  178  12:51  Baneling x3  
  193  12:57  Zergling x6  
  190  13:08  Drone x2  
  190  13:09  Overlord x2  
  190  13:11  Baneling x2  
  190  13:12  Baneling x6  
  173  13:16  Zergling x2  
  173  13:17  Zergling x20  
  166  13:27  Ultralisk x2  
  166  13:29  Zergling x2  
  178  13:46  Zergling x2  
  178  13:47  Zergling x8  
  182  13:52  Drone x2  
  182  13:54  Anabolic Synthesis  
  182  13:55  Ultralisk, Zergling x10  
  192  13:56  Zergling x2  
  194  14:07  Baneling x2  
  194  14:08  Baneling x8  
  194  14:11  Greater Spire  
  194  14:15  Hatchery  
  193  14:23  Drone x2  
  193  14:24  Drone  
  196  14:25  Extractor x2  
  196  14:26  Hatchery  
  196  14:31  Baneling x13  
  193  14:32  Baneling  
  185  14:40  Zergling x4  
  185  14:41  Zergling x10  
  185  14:42  Baneling  
  185  14:43  Baneling x4  
  192  14:50  Zergling x10  
  153  15:04  Corruptor x3  
  152  15:08  Overseer x2  
  152  15:10  Drone x2  
  152  15:11  Extractor, Drone x3  
  156  15:17  Corruptor  
  156  15:20  Corruptor  
  160  15:40  Brood Lord x3  
  160  15:42  Drone x2  
  168  15:44  Drone x3  
  168  15:48  Drone x2  
  173  15:51  Brood Lord  
  173  15:52  Brood Lord  
  173  15:55  Drone x3  
  175  16:04  Drone x2  
  175  16:05  Drone x2  
  175  16:10  Drone  
  175  16:11  Drone x5  
  175  16:31  Corruptor x4  
  181  16:40  Swarm Host, Corruptor x2  
  182  16:50  Corruptor x3  
  188  16:59  Drone x3  
  180  17:01  Drone x3  
  180  17:02  Drone  
  177  17:24  Zergling x2  
  175  17:31  Overseer x2  
  175  17:35  Zergling x6  
  175  17:36  Zergling x2  
Show
View Real Time Build Order
Export as new Build Order

TYTY Terran - Winner!

Build Orders: Reaper Expand, Hellion Banshee 

Get SALT Encoding   

  12  0:00  SCV  
  13  0:12  SCV  
  14  0:17  Supply Depot  
  14  0:24  SCV  
  15  0:38  SCV  
  15  0:40  Barracks  
  16  0:43  Refinery  
  16  0:50  SCV  
  17  1:03  SCV  
  18  1:15  SCV  
  19  1:27  Reaper, Orbital Command  
  20  1:39  Command Center  
  20  1:47  Supply Depot  
  20  1:53  SCV  
  21  1:59  Marine  
  22  2:05  SCV  
  23  2:11  Factory  
  23  2:15  Refinery  
  23  2:17  SCV  
  23  2:21  Barracks Reactor  
  24  2:29  SCV  
  25  2:41  SCV  
  26  2:52  Orbital Command  
  26  2:53  SCV  
  26  2:54  Starport  
  27  3:00  Hellion  
  27  3:01  Hellion  
  31  3:05  SCV  
  31  3:08  Barracks Tech Lab  
  32  3:17  SCV  
  32  3:18  SCV  
  34  3:22  Hellion x2  
  34  3:25  Supply Depot  
  38  3:29  SCV  
  38  3:31  SCV  
  40  3:35  Cloaking Field  
  40  3:36  Marine, Banshee  
  44  3:41  SCV  
  44  3:45  SCV  
  44  3:47  Hellion x2  
  50  3:51  Supply Depot  
  50  3:53  SCV  
  51  3:57  SCV  
  51  4:02  Armory  
  52  4:05  SCV  
  54  4:13  Hellion  
  58  4:17  Hellion  
  58  4:18  Banshee  
  58  4:20  Supply Depot  
  58  4:23  Barracks Tech Lab  
  60  4:34  Hellion  
  60  4:36  Supply Depot  
  60  4:37  Supply Depot  
  62  4:42  SCV x2, Hellion  
  66  4:49  Stimpack  
  66  4:54  SCV  
  67  5:02  Marine  
  67  5:04  SCV, Hellion  
  61  5:15  Command Center, SCV  
  61  5:20  Marine, SCV  
  60  5:26  Raven  
  60  5:27  SCV  
  60  5:29  Engineering Bay  
  60  5:32  SCV, Engineering Bay  
  61  5:36  Hellion x2  
  61  5:38  Marine  
  61  5:40  Barracks, SCV  
  61  5:41  Barracks  
  67  5:44  SCV  
  68  5:52  SCV  
  68  5:55  Marine  
  68  5:56  SCV  
  71  5:57  Barracks x2  
  71  6:00  Terran Infantry Weapons Level 1  
  71  6:04  SCV  
  71  6:09  SCV  
  73  6:13  Marine  
  73  6:16  SCV  
  75  6:20  Terran Infantry Armor Level 1  
  75  6:21  SCV  
  75  6:23  Refinery x2  
  76  6:27  Orbital Command  
  76  6:28  Siege Tank  
  76  6:29  Starport Reactor, Barracks Reactor  
  76  6:31  Marine, SCV  
  81  6:33  SCV  
  82  6:43  Supply Depot  
  82  6:46  Marine x2  
  85  6:47  Barracks x2  
  85  6:48  Barracks Reactor x2  
  85  6:49  Marine  
  85  6:50  Orbital Command  
  85  6:51  SCV  
  85  6:52  SCV  
  87  7:00  Siege Tank  
  90  7:04  Marine x2, SCV x2  
  90  7:06  Marine x2  
  90  7:07  Marine  
  97  7:09  Combat Shield  
  97  7:16  SCV x3  
  97  7:17  Medivac  
  97  7:21  Marine x2, Refinery  
  104  7:24  Marine x3  
  104  7:27  Medivac  
  109  7:33  Supply Depot  
  109  7:34  Supply Depot  
  109  7:37  Barracks Tech Lab, Supply Depot  
  109  7:38  Barracks Reactor, Bunker  
  109  7:40  Marine x5, Drilling Claws  
  109  7:41  Marine  
  109  7:42  Marine  
  116  7:46  Missile Turret  
  116  7:51  Marine  
  116  7:55  Marine, Medivac  
  116  7:58  Marine x2  
  125  8:00  Marine  
  125  8:02  Marine x4  
  131  8:06  Medivac  
  131  8:09  Marine  
  134  8:14  Marine  
  134  8:15  Marine  
  134  8:16  Widow Mine  
  134  8:17  Marine  
  134  8:19  Supply Depot  
  138  8:20  Supply Depot  
  138  8:22  Marine x3  
  138  8:23  Marine  
  139  8:29  Marine  
  139  8:31  Marine  
  141  8:41  Marine x8, SCV x2, Medivac x2  
  149  8:50  Marine x4  
  149  8:52  Widow Mine  
  149  8:54  SCV x2  
  141  8:57  Terran Infantry Weapons Level 2, Terran Infantry Armor Level 2  
  141  8:58  SCV  
  141  8:59  Marine x2  
  138  9:12  Marine  
  138  9:13  Marine, Marauder x2, Widow Mine  
  138  9:19  Medivac  
  138  9:20  Medivac  
  138  9:24  Marine x3  
  139  9:25  Marine  
  139  9:34  Marauder  
  139  9:35  Marine x2, Marauder  
  142  9:39  Missile Turret  
  142  9:40  Command Center  
  142  9:43  Widow Mine x2  
  142  9:44  Marine, Marauder  
  149  9:48  Marine x4  
  149  9:49  Marine  
  154  9:52  Supply Depot  
  154  9:54  Supply Depot  
  154  10:04  Widow Mine  
  156  10:09  Widow Mine  
  153  10:15  Marine, SCV x2  
  153  10:16  Marine x3  
  156  10:21  Missile Turret  
  156  10:26  Widow Mine  
  158  10:31  Widow Mine  
  158  10:32  Marine, Marauder x2  
  158  10:33  Marine x6  
  166  10:45  Medivac x2  
  166  10:46  Marine x2  
  166  10:47  Widow Mine  
  168  10:50  Marine x3  
  168  10:51  Marine  
  168  10:52  Widow Mine  
  172  11:03  Marine x2, Marauder x2  
  173  11:07  Concussive Shells  
  173  11:08  Marine x3  
  176  11:12  Widow Mine  
  176  11:14  Widow Mine  
  179  11:19  Terran Infantry Weapons Level 3  
  179  11:25  Terran Infantry Armor Level 3  
  179  11:34  Marine x4, Widow Mine  
  179  11:35  Widow Mine  
  187  11:40  Supply Depot  
  187  11:41  Orbital Command  
  187  11:42  Supply Depot  
  185  11:47  Planetary Fortress  
  181  12:03  Widow Mine x2  
  187  12:10  Marauder x3  
  187  12:11  Marine x4  
  187  12:13  Marine x4  
  199  12:19  Missile Turret  
  199  12:20  Missile Turret  
  199  12:25  Sensor Tower  
  199  12:29  Marine  
  200  12:34  Marine  
  200  12:35  Marine x3, Marauder x3  
  200  12:37  Terran Vehicle And Ship Armor Level 1  
  198  12:46  Marine x3  
  198  12:47  Widow Mine  
  195  12:52  Marine x3  
  195  12:53  Marine x2  
  200  13:09  SCV  
  200  13:17  SCV x2  
  186  13:21  SCV  
  186  13:25  Medivac x2  
  186  13:26  Widow Mine x2  
  192  13:29  SCV x2  
  192  13:31  Starport  
  192  13:32  Refinery  
  192  13:33  SCV  
  192  13:34  SCV  
  196  13:38  Liberator x2, Missile Turret  
  194  13:41  SCV x2  
  194  13:45  Missile Turret, SCV  
  194  13:46  SCV  
  197  13:49  Widow Mine  
  196  13:56  Widow Mine  
  194  14:04  Command Center  
  194  14:06  Command Center, Missile Turret, Sensor Tower  
  194  14:17  Starport  
  194  14:18  Starport Reactor  
  194  14:19  SCV x3  
  194  14:21  Liberator x2, SCV  
  194  14:22  Refinery  
  194  14:23  Refinery  
  198  14:24  Refinery x2  
  198  14:26  Sensor Tower  
  198  14:40  Liberator x2  
  196  14:49  Marine x5  
  196  14:50  Marauder x2  
  194  14:59  Marine x2  
  164  15:00  Marine x2  
  164  15:03  Liberator  
  164  15:05  Widow Mine x2  
  155  15:07  Marine x5  
  160  15:14  Marine x2  
  160  15:15  SCV x3  
  160  15:16  Marine x2  
  160  15:18  SCV x2  
  160  15:19  Liberator  
  160  15:20  Command Center  
  172  15:23  Marine x2, Liberator  
  172  15:25  Marine x2  
  172  15:26  Starport Tech Lab  
  172  15:27  Fusion Core  
  173  15:32  Marine x4  
  176  15:36  Widow Mine x2  
  184  15:44  Liberator  
  184  15:46  Marine x3, Marauder x2  
  184  15:47  Orbital Command x2  
  191  15:57  Marine x2  
  198  16:08  Viking  
  198  16:10  Viking  
  200  16:16  Advanced Ballistics  
  196  16:19  Viking  
  196  16:23  Viking  
  197  16:27  Ghost Academy  
  197  16:28  Orbital Command  
  197  16:32  Marauder  
  198  16:40  Viking  
  191  16:47  SCV x2  
  191  16:52  Viking x2  
  196  17:03  Viking x2  
  200  17:13  Armory  
  186  17:25  Viking  
  186  17:26  Viking x2  
  188  17:41  Unknown x4  
  185  17:50  Unknown  
  185  17:51  Unknown x5  

Tags
 
Add a new tag
Caveats
  • Supply blocks, unpowered buildings, or Contaminate may cause inaccurate times.
  • Supply counts are checked every 10 seconds.